San Jose Sharks vs Washington Capitals
Created - Monday, May 20, 2024 at 07:43
Goals
|
| San Jose Sharks |
0 |
0 |
1 |
1 |
| Washington Capitals |
1 |
1 |
2 |
4 |
|
Shots
|
| San Jose Sharks |
15 |
10 |
6 |
31 |
| Washington Capitals |
13 |
10 |
12 |
35 |
|
1st period
1. Washington Capitals , Jason Robertson 25 (Brayden Point 53) at 7:31 (PP)
Penalties :
Ivan Barbashev (SJS) for Diving (Minor) at 3:40, Dylan Strome (SJS) for Hooking (Minor) at 7:29, Alex Ovechkin (WSH) for High sticking (Minor) at 16:15
2nd period
2. Washington Capitals , Brad Marchand 12 (Nico Hischier 35, Drake Batherson 21) at 2:33
Penalties :
David Savard (WSH) for Close Hand On Puck (Minor) at 8:04, Ivan Barbashev (SJS) for Roughing (Minor) at 14:34
3rd period
3. Washington Capitals , Drake Batherson 15 (Brad Marchand 29, Nico Hischier 36) at 5:21
4. Washington Capitals , Dominik Kubalik 9 (John Carlson 20) at 12:35
5. San Jose Sharks , Dmitry Orlov 7 (Andreas Athanasiou 14, Kailer Yamamoto 6) at 13:48
Penalties :
Joel Edmundson (SJS) for Roughing (Minor) at 5:24, Simon Benoit (SJS) for Tripping (Minor) at 14:23, David Savard (WSH) for Cross-checking (Minor) at 14:28
Goalie Stats
Ilya Samsonov (SJS), 31 saves from 35 shots - (0.886), L, 28-20-7, 60:00 minutes
Jake Oettinger (WSH), 30 saves from 31 shots - (0.968), W, 29-24-5, 60:00 minutes
Players Stats for San Jose Sharks
Player Name G A P +/- PIM S H SB GA TA FO MP PP MP PK MP
------------------------------------------------------------------------------------
Adam Henrique 0 0 0 1 0 5 1 0 0 2 9/20 18:02 1:52 3:00
Andreas Athanasiou 0 1 1 1 0 3 1 1 0 0 0/0 11:36 0:00 0:00
Christian Dvorak 0 0 0 -1 0 1 2 1 0 0 9/18 13:36 0:05 0:00
Christopher Tanev 0 0 0 -1 0 0 2 1 0 0 0/0 22:53 1:52 2:58
Derek Forbort 0 0 0 0 0 1 1 1 0 1 0/0 18:54 2:11 0:05
Dmitry Orlov 1 0 1 -1 0 3 0 3 0 0 0/0 24:26 2:11 3:06
Dylan Strome 0 0 0 -1 2 0 1 0 0 0 1/1 15:29 1:56 0:00
Ilya Mikheyev 0 0 0 -1 0 0 1 0 0 0 1/1 8:53 0:00 0:00
Ivan Barbashev 0 0 0 -1 4 4 3 1 0 0 0/0 15:29 1:56 0:00
Joel Edmundson 0 0 0 0 2 1 0 2 0 1 0/0 18:17 1:47 0:00
Kailer Yamamoto 0 1 1 1 0 1 0 0 0 0 0/0 11:53 0:10 0:00
Rickard Rakell 0 0 0 -1 0 1 0 0 0 0 0/0 19:15 2:02 3:04
Ryan Hartman 0 0 0 -1 0 2 1 0 1 0 1/1 8:53 0:00 0:00
Simon Benoit 0 0 0 -1 2 1 1 1 0 1 0/0 16:57 0:05 2:53
Valeri Nichushkin 0 0 0 -1 0 7 2 0 0 0 1/4 19:27 2:07 3:04
Victor Olofsson 0 0 0 -1 0 0 1 0 1 0 0/0 8:53 0:00 0:00
William Karlsson 0 0 0 -1 0 1 0 1 0 0 13/21 19:26 1:56 3:00
Zachary Werenski 0 0 0 -1 0 0 0 2 0 2 0/0 19:38 0:05 3:06
Players Stats for Washington Capitals
Player Name G A P +/- PIM S H SB GA TA FO MP PP MP PK MP
------------------------------------------------------------------------------------
Alex Ovechkin 0 0 0 0 2 4 3 0 1 0 0/0 21:23 3:08 0:00
Brad Marchand 1 1 2 1 0 3 1 1 0 0 0/1 16:06 0:00 1:57
Brayden Point 0 1 1 0 0 5 2 0 2 0 19/29 21:23 3:08 0:00
David Savard 0 0 0 1 4 1 3 1 0 2 0/0 23:08 3:47 1:10
Dominik Kubalik 1 0 1 1 0 3 1 0 1 0 0/0 7:41 0:00 0:25
Drake Batherson 1 1 2 1 0 2 1 1 0 0 0/1 17:53 2:56 0:05
Dylan DeMelo 0 0 0 0 0 1 0 1 0 0 0/0 18:12 2:16 0:48
Erik Johnson 0 0 0 0 0 0 0 0 0 0 0/0 15:58 0:00 1:36
Ian Cole 0 0 0 1 0 2 1 1 0 0 0/0 18:42 0:00 2:24
Isac Lundestrom 0 0 0 1 0 1 0 0 0 0 0/1 7:55 0:00 0:41
Jason Robertson 1 0 1 0 0 4 1 0 3 0 0/1 20:54 3:08 0:00
John Carlson 0 1 1 1 0 0 2 2 0 0 0/0 22:50 3:48 0:03
Jordan Kyrou 0 0 0 0 0 2 0 0 0 0 0/1 9:47 0:00 0:05
Michael Mcleod 0 0 0 0 0 1 1 0 0 0 3/7 10:59 0:00 1:59
Nick Foligno 0 0 0 1 0 0 2 0 0 0 0/0 9:00 0:00 1:34
Nick Jensen 0 0 0 1 0 1 0 1 0 0 0/0 21:26 2:16 2:05
Nico Hischier 0 2 2 1 0 4 1 1 0 0 9/25 18:57 2:56 1:20
Owen Tippett 0 0 0 0 0 1 1 0 0 0 0/0 11:46 2:56 0:00
3 Stars
1 - Jake Oettinger (WSH)
2 - Drake Batherson (WSH)
3 - Brad Marchand (WSH)
Power Play
San Jose Sharks - 0 on 3 Attempt(s) - 0.00%
Washington Capitals - 1 on 5 Attempt(s) - 20.00%
Penalty Kill
San Jose Sharks - 4 on 5 Attempt(s) - 80.00%
- Score 0 goal in Penalty Kill
Washington Capitals - 3 on 3 Attempt(s) - 100.00%
- Score 0 goal in Penalty Kill
Team Stat
San Jose Sharks - Hits : 17 - Faceoff Wins : 35 - Blocked Shots : 14 - Penalty Minutes : 10
Washington Capitals - Hits : 20 - Faceoff Wins : 31 - Blocked Shots : 9 - Penalty Minutes : 6
Official
Referees : Chris Lee and Brad Meier
Linesman : Unknown
Game Notes
No Game Note
Finance
Level 1 -- Attendance: 5407 (90.12%) -- Ticket Income $513,665
Level 2 -- Attendance: 4408 (88.16%) -- Ticket Income $242,440
Level 3 -- Attendance: 2663 (88.77%) -- Ticket Income $87,879
Level 4 -- Attendance: 5000 (100.00%) -- Ticket Income $110,000
Luxury Box -- Attendance: 861 (86.10%) -- Ticket Income $167,895
Game was played at the Verizon Center.
Total Attendance: 18339 (91.70%)
Total Ticket Income: $1,121,879
Other Income: $392,658
Total Income: $1,514,537
San Jose Sharks
5 vs 5 Forward
Center Left Wing Right Wing Time % Phy DF OF
1 William Karlsson Valeri Nichushkin Rickard Rakell 30 1 2 2
2 Christian Dvorak Dylan Strome Ivan Barbashev 30 1 2 2
3 Adam Henrique Andreas Athanasiou Kailer Yamamoto 25 1 2 2
4 Ryan Hartman Victor Olofsson Ilya Mikheyev 15 1 2 2
5 vs 5 Defense
Defense Defense Time % Phy DF OF
1 Dmitry Orlov Christopher Tanev 35 1 2 2
2 Derek Forbort Joel Edmundson 35 1 2 2
3 Zachary Werenski Simon Benoit 30 1 2 2
4 Dmitry Orlov Christopher Tanev 0 1 2 2
PowerPlay Forward
Center Left Wing Right Wing Time % Phy DF OF
1 Adam Henrique Valeri Nichushkin Rickard Rakell 50 1 2 2
2 William Karlsson Dylan Strome Ivan Barbashev 50 1 2 2
PowerPlay Defense
Defense Defense Time % Phy DF OF
1 Dmitry Orlov Derek Forbort 50 1 2 2
2 Christopher Tanev Joel Edmundson 50 1 2 2
Penalty Kill 4 Players Forward
Center Wing Time % Phy DF OF
1 Valeri Nichushkin Rickard Rakell 50 1 2 2
2 Adam Henrique William Karlsson 50 1 2 2
Penalty Kill 4 Players Defense
Defense Defense Time % Phy DF OF
1 Christopher Tanev Simon Benoit 50 1 2 2
2 Dmitry Orlov Zachary Werenski 50 1 2 2
Penalty Kill - 3 Players Forward
Forward Time % Phy DF OF
1 Valeri Nichushkin 50 1 2 2
2 Rickard Rakell 50 1 2 2
Penalty Kill - 3 Players Defense
Defense Defense Time % Phy DF OF
1 Christopher Tanev Dmitry Orlov 50 1 2 2
2 Derek Forbort Simon Benoit 50 1 2 2
4 vs 4 Forward
Center Wing Time % Phy DF OF
1 Valeri Nichushkin Rickard Rakell 50 1 2 2
2 Adam Henrique William Karlsson 50 1 2 2
4 vs 4 Defense
Defense Defense Time % Phy DF OF
1 Dmitry Orlov Derek Forbort 50 1 2 2
2 Simon Benoit Christopher Tanev 50 1 2 2
Last Minutes Offensive
Center Left Wing Right Wing Defense Defense
Adam Henrique Valeri Nichushkin Rickard Rakell Dmitry Orlov Christopher Tanev
Last Minutes Defensive
Center Left Wing Right Wing Defense Defense
Adam Henrique Valeri Nichushkin Rickard Rakell Dmitry Orlov Christopher Tanev
Goaltenders
Starting : Ilya Samsonov
Backup : Logan Thompson
Extra Forwards
Normal : Kailer Yamamoto, Christian Dvorak, Ryan Hartman - PP : Kailer Yamamoto, Christian Dvorak - PK : Ryan Hartman
Extra Defensemen
Normal : Simon Benoit, Dmitry Orlov, Derek Forbort - PP : Simon Benoit - PK : Christopher Tanev, Derek Forbort
Penalty Shots
Valeri Nichushkin, Rickard Rakell, Adam Henrique, William Karlsson, Dylan Strome
Washington Capitals
5 vs 5 Forward
Center Left Wing Right Wing Time % Phy DF OF
1 Brayden Point Alex Ovechkin Jason Robertson 40 1 1 3
2 Nico Hischier Brad Marchand Drake Batherson 30 1 1 3
3 Michael Mcleod Owen Tippett Jordan Kyrou 20 1 1 3
4 Isac Lundestrom Nick Foligno Dominik Kubalik 10 1 1 3
5 vs 5 Defense
Defense Defense Time % Phy DF OF
1 John Carlson David Savard 37 2 3 0
2 Nick Jensen Ian Cole 35 2 3 0
3 Dylan DeMelo Erik Johnson 28 2 3 0
4 John Carlson Ian Cole 0 2 3 0
PowerPlay Forward
Center Left Wing Right Wing Time % Phy DF OF
1 Brayden Point Alex Ovechkin Jason Robertson 60 1 2 2
2 Nico Hischier Owen Tippett Drake Batherson 40 1 2 2
PowerPlay Defense
Defense Defense Time % Phy DF OF
1 David Savard John Carlson 60 1 2 2
2 Dylan DeMelo Nick Jensen 40 1 2 2
Penalty Kill 4 Players Forward
Center Wing Time % Phy DF OF
1 Michael Mcleod Brad Marchand 60 1 2 2
2 Isac Lundestrom Nick Foligno 40 1 2 2
Penalty Kill 4 Players Defense
Defense Defense Time % Phy DF OF
1 David Savard Ian Cole 60 1 2 2
2 Erik Johnson Nick Jensen 40 1 2 2
Penalty Kill - 3 Players Forward
Forward Time % Phy DF OF
1 Michael Mcleod 60 1 2 2
2 Isac Lundestrom 40 1 2 2
Penalty Kill - 3 Players Defense
Defense Defense Time % Phy DF OF
1 David Savard Ian Cole 60 1 2 2
2 Erik Johnson Nick Jensen 40 1 2 2
4 vs 4 Forward
Center Wing Time % Phy DF OF
1 Brayden Point Alex Ovechkin 60 1 2 2
2 Nico Hischier Jason Robertson 40 1 2 2
4 vs 4 Defense
Defense Defense Time % Phy DF OF
1 David Savard John Carlson 60 1 2 2
2 Dylan DeMelo Nick Jensen 40 1 2 2
Last Minutes Offensive
Center Left Wing Right Wing Defense Defense
Brayden Point Alex Ovechkin Jason Robertson David Savard John Carlson
Last Minutes Defensive
Center Left Wing Right Wing Defense Defense
Nico Hischier Brad Marchand Nick Foligno Nick Jensen Ian Cole
Goaltenders
Starting : Jake Oettinger
Backup : Sergei Bobrovsky
Extra Forwards
Normal : Jordan Kyrou, Drake Batherson, Dominik Kubalik - PP : Owen Tippett, Brayden Point - PK : Nico Hischier
Extra Defensemen
Normal : Nick Jensen, Dylan DeMelo, Ian Cole - PP : John Carlson - PK : Nick Jensen, Dylan DeMelo
Penalty Shots
Jason Robertson, Drake Batherson, Brayden Point, Alex Ovechkin, David Savard
% Time on Ice - San Jose Sharks
Lines # - Real PCT - Wanted PCT - Time Play
Normal Forward
1 - 27% - 30% - 13:11
2 - 30% - 30% - 14:19
3 - 24% - 25% - 11:36
4 - 19% - 15% - 8:53
Normal Defense
1 - 33% - 35% - 15:56
2 - 37% - 35% - 17:57
3 - 28% - 30% - 13:30
4 - 1% - 0% - 0:36
PP Forward
1 - 52% - 50% - 2:07
2 - 48% - 50% - 1:56
PP Defense
1 - 54% - 50% - 2:11
2 - 46% - 50% - 1:52
PK Forward
1 - 51% - 50% - 3:04
2 - 49% - 50% - 3:00
PK Defense
1 - 49% - 50% - 2:58
2 - 51% - 50% - 3:06
PK3 Forward
1 - 0% - 50%
2 - 0% - 50%
PK3 Defense
1 - 0% - 50%
2 - 0% - 50%
44 Forward
1 - 57% - 50% - 1:05
2 - 43% - 50% - 0:49
44 Defense
1 - 44% - 50% - 0:50
2 - 56% - 50% - 1:04
Last Minute Offensive - 0:00
Last Minute Defensive - 0:00
Total
Forward - 60:00
Defense - 60:00
|
% Time on Ice - Washington Capitals
Lines # - Real PCT - Wanted PCT - Time Play
Normal Forward
1 - 37% - 40% - 17:35
2 - 30% - 30% - 14:10
3 - 19% - 20% - 9:00
4 - 15% - 10% - 7:14
Normal Defense
1 - 38% - 37% - 18:12
2 - 34% - 35% - 16:16
3 - 28% - 28% - 13:31
4 - 0% - 0% - 0:00
PP Forward
1 - 52% - 60% - 3:08
2 - 48% - 40% - 2:56
PP Defense
1 - 63% - 60% - 3:48
2 - 37% - 40% - 2:16
PK Forward
1 - 83% - 60% - 3:22
2 - 17% - 40% - 0:41
PK Defense
1 - 65% - 60% - 2:38
2 - 35% - 40% - 1:25
PK3 Forward
1 - 0% - 60%
2 - 0% - 40%
PK3 Defense
1 - 0% - 60%
2 - 0% - 40%
44 Forward
1 - 74% - 60% - 1:24
2 - 26% - 40% - 0:30
44 Defense
1 - 100% - 60% - 1:54
2 - 0% - 40% - 0:00
Last Minute Offensive - 0:00
Last Minute Defensive - 0:00
Total
Forward - 60:00
Defense - 60:00
|
Play-by-Play
1st period
0:01 of 1st period - William Karlsson wins face-off versus Brayden Point in neutral zone.
0:36 of 1st period - Slapshot by Ian Cole.
0:36 of 1st period - Stopped by Ilya Samsonov with a rebound.
0:38 of 1st period - Slapshot by Nick Jensen.
0:38 of 1st period - Shot Blocked by Andreas Athanasiou.
0:40 of 1st period - Snap shot by Nick Jensen.
0:40 of 1st period - Shot Misses the Net.
0:42 of 1st period - Slapshot by Nick Jensen.
0:42 of 1st period - Shot Blocked by Dmitry Orlov.
0:44 of 1st period - Snap shot by Alex Ovechkin.
0:44 of 1st period - Stopped by Ilya Samsonov with a rebound.
1:03 of 1st period - Wrist shot by Brayden Point.
1:03 of 1st period - Stopped by Ilya Samsonov with a rebound.
1:22 of 1st period - Off-side.
1:23 of 1st period - Nico Hischier wins face-off versus Christian Dvorak in neutral zone.
1:56 of 1st period - Snap shot by Jordan Kyrou.
1:56 of 1st period - Stopped by Ilya Samsonov with a rebound.
1:58 of 1st period - Slapshot by Ian Cole.
1:58 of 1st period - Stopped by Ilya Samsonov with a rebound.
2:00 of 1st period - Snap shot by Nick Jensen.
2:00 of 1st period - Shot Misses the Net.
2:18 of 1st period - Slapshot by Rickard Rakell.
2:18 of 1st period - Stopped by Jake Oettinger without a rebound.
2:19 of 1st period - Christian Dvorak wins face-off versus Nico Hischier in Washington Capitals zone.
2:46 of 1st period - Owen Tippett is hit by Ryan Hartman and loses puck.
3:38 of 1st period - Wrist shot by Nico Hischier.
3:38 of 1st period - Stopped by Ilya Samsonov with a rebound.
3:40 of 1st period - Minor Penalty to Ivan Barbashev for Diving.
3:41 of 1st period - Brayden Point wins face-off versus Valeri Nichushkin in San Jose Sharks zone.
4:08 of 1st period - Christopher Tanev is hit by John Carlson and loses puck.
4:17 of 1st period - Slapshot by Owen Tippett.
4:17 of 1st period - Stopped by Ilya Samsonov without a rebound.
4:18 of 1st period - Brayden Point wins face-off versus Adam Henrique in San Jose Sharks zone.
4:51 of 1st period - Snap shot by Nico Hischier.
4:51 of 1st period - Stopped by Ilya Samsonov without a rebound.
4:52 of 1st period - Nico Hischier wins face-off versus Valeri Nichushkin in San Jose Sharks zone.
5:03 of 1st period - Christopher Tanev is hit by Owen Tippett and loses puck.
5:10 of 1st period - Slapshot by Owen Tippett.
5:10 of 1st period - Shot Blocked by Christopher Tanev.
5:40 of 1st period - Penalty to Ivan Barbashev is over, Ivan Barbashev is back on ice.
5:54 of 1st period - Snap shot by Jason Robertson.
5:54 of 1st period - Shot Blocked by Dmitry Orlov.
6:12 of 1st period - Snap shot by Victor Olofsson.
6:12 of 1st period - Shot Misses the Net.
6:14 of 1st period - Slapshot by Dmitry Orlov.
6:14 of 1st period - Stopped by Jake Oettinger with a rebound.
6:16 of 1st period - Slapshot by Ryan Hartman.
6:16 of 1st period - Stopped by Jake Oettinger without a rebound.
6:17 of 1st period - William Karlsson wins face-off versus Brayden Point in Washington Capitals zone.
6:20 of 1st period - Snap shot by William Karlsson.
6:20 of 1st period - Shot Misses the Net.
6:34 of 1st period - Wrist shot by William Karlsson.
6:34 of 1st period - Shot Misses the Net.
7:06 of 1st period - Off-side.
7:07 of 1st period - Christian Dvorak wins face-off versus Nico Hischier in neutral zone.
7:29 of 1st period - Minor Penalty to Dylan Strome for Hooking.
7:30 of 1st period - Brayden Point wins face-off versus Adam Henrique in San Jose Sharks zone.
7:31 of 1st period - Snap shot by Jason Robertson.
7:31 of 1st period - Goal by Jason Robertson - San Jose Sharks : 0 - Washington Capitals : 1.
7:32 of 1st period - Nico Hischier wins face-off versus Adam Henrique in neutral zone.
7:59 of 1st period - Andreas Athanasiou is hit by Alex Ovechkin.
9:07 of 1st period - Snap shot by Ryan Hartman.
9:07 of 1st period - Stopped by Jake Oettinger without a rebound.
9:08 of 1st period - Ryan Hartman wins face-off versus Nico Hischier in Washington Capitals zone.
9:33 of 1st period - Jason Robertson is hit by Ivan Barbashev and loses puck.
9:47 of 1st period - Ivan Barbashev is hit by Brayden Point.
9:59 of 1st period - Snap shot by Rickard Rakell.
9:59 of 1st period - Shot Blocked by Nick Jensen.
10:01 of 1st period - Slapshot by Simon Benoit.
10:01 of 1st period - Stopped by Jake Oettinger without a rebound.
10:02 of 1st period - William Karlsson wins face-off versus Nico Hischier in Washington Capitals zone.
10:35 of 1st period - Icing by Adam Henrique.
10:36 of 1st period - Michael Mcleod wins face-off versus Adam Henrique in San Jose Sharks zone.
10:39 of 1st period - Snap shot by Jordan Kyrou.
10:39 of 1st period - Shot Blocked by Joel Edmundson.
11:03 of 1st period - Snap shot by Adam Henrique.
11:03 of 1st period - Stopped by Jake Oettinger without a rebound.
11:04 of 1st period - Christian Dvorak wins face-off versus Brayden Point in Washington Capitals zone.
11:23 of 1st period - David Savard is hit by Ivan Barbashev and loses puck.
12:00 of 1st period - Wrist shot by Brayden Point.
12:00 of 1st period - Shot Misses the Net.
12:02 of 1st period - Slapshot by John Carlson.
12:02 of 1st period - Deflect By Alex Ovechkin.
12:02 of 1st period - Shot Blocked by Simon Benoit.
12:02 of 1st period - Puck is out of play.
12:03 of 1st period - William Karlsson wins face-off versus Brad Marchand in San Jose Sharks zone.
12:10 of 1st period - Slapshot by Valeri Nichushkin.
12:10 of 1st period - Shot Misses the Net.
12:12 of 1st period - Snap shot by Christopher Tanev.
12:12 of 1st period - Shot Blocked by Nico Hischier.
12:32 of 1st period - Ivan Barbashev is hit by Ian Cole and loses puck.
13:18 of 1st period - Snap shot by Adam Henrique.
13:18 of 1st period - Stopped by Jake Oettinger with a rebound.
13:20 of 1st period - Wrist shot by Kailer Yamamoto.
13:20 of 1st period - Shot Misses the Net.
13:22 of 1st period - Backhand shot by Kailer Yamamoto.
13:22 of 1st period - Stopped by Jake Oettinger without a rebound.
13:23 of 1st period - Adam Henrique wins face-off versus Nico Hischier in Washington Capitals zone.
13:24 of 1st period - Wrist shot by Andreas Athanasiou.
13:24 of 1st period - Stopped by Jake Oettinger without a rebound.
13:25 of 1st period - William Karlsson wins face-off versus Nico Hischier in Washington Capitals zone.
13:30 of 1st period - Slapshot by Valeri Nichushkin.
13:30 of 1st period - Shot Blocked by John Carlson.
13:36 of 1st period - Snap shot by Nico Hischier.
13:36 of 1st period - Stopped by Ilya Samsonov without a rebound.
13:37 of 1st period - Nico Hischier wins face-off versus Christian Dvorak in San Jose Sharks zone.
13:40 of 1st period - Snap shot by Drake Batherson.
13:40 of 1st period - Deflect By Nico Hischier.
13:40 of 1st period - Shot Blocked by Joel Edmundson.
13:40 of 1st period - Puck is out of play.
13:41 of 1st period - Christian Dvorak wins face-off versus Nico Hischier in San Jose Sharks zone.
14:38 of 1st period - Wrist shot by Andreas Athanasiou.
14:38 of 1st period - Shot Blocked by John Carlson.
14:40 of 1st period - Snap shot by Derek Forbort.
14:40 of 1st period - Shot Misses the Net.
15:11 of 1st period - John Carlson is hit by Christian Dvorak and loses puck.
15:54 of 1st period - Slapshot by Valeri Nichushkin.
15:54 of 1st period - Stopped by Jake Oettinger with a rebound.
15:56 of 1st period - Wrist shot by Christopher Tanev.
15:56 of 1st period - Deflect By William Karlsson.
15:56 of 1st period - Shot Misses the Net.
15:56 of 1st period - Puck is out of play.
15:57 of 1st period - Christian Dvorak wins face-off versus Nico Hischier in Washington Capitals zone.
16:01 of 1st period - Slapshot by Ivan Barbashev.
16:01 of 1st period - Stopped by Jake Oettinger with a rebound.
16:03 of 1st period - Slapshot by Dmitry Orlov.
16:03 of 1st period - Deflect By Christian Dvorak.
16:03 of 1st period - Shot Misses the Net.
16:03 of 1st period - Puck is out of play.
16:04 of 1st period - Christian Dvorak wins face-off versus Nico Hischier in Washington Capitals zone.
16:11 of 1st period - Wrist shot by Ivan Barbashev.
16:11 of 1st period - Stopped by Jake Oettinger without a rebound.
16:12 of 1st period - Brayden Point wins face-off versus William Karlsson in Washington Capitals zone.
16:12 of 1st period - Brayden Point is hit by Valeri Nichushkin.
16:15 of 1st period - Minor Penalty to Alex Ovechkin for High sticking.
16:16 of 1st period - Michael Mcleod wins face-off versus Adam Henrique in Washington Capitals zone.
17:53 of 1st period - Michael Mcleod is hit by Valeri Nichushkin.
18:15 of 1st period - Penalty to Alex Ovechkin is over, Alex Ovechkin is back on ice.
18:41 of 1st period - Icing by Ryan Hartman.
18:42 of 1st period - Adam Henrique wins face-off versus Michael Mcleod in San Jose Sharks zone.
18:42 of 1st period - Adam Henrique is hit by David Savard.
19:10 of 1st period - Snap shot by Alex Ovechkin.
19:10 of 1st period - Stopped by Ilya Samsonov with a rebound.
19:24 of 1st period - Snap shot by Dominik Kubalik.
19:24 of 1st period - Shot Blocked by Christian Dvorak.
19:26 of 1st period - Wrist shot by Isac Lundestrom.
19:26 of 1st period - Stopped by Ilya Samsonov with a rebound.
19:28 of 1st period - Snap shot by Nick Jensen.
19:28 of 1st period - Shot Misses the Net.
19:32 of 1st period - Wrist shot by Dominik Kubalik.
19:32 of 1st period - Stopped by Ilya Samsonov without a rebound.
19:33 of 1st period - William Karlsson wins face-off versus Nico Hischier in San Jose Sharks zone.
19:44 of 1st period - Snap shot by Valeri Nichushkin.
19:44 of 1st period - Stopped by Jake Oettinger without a rebound.
19:45 of 1st period - William Karlsson wins face-off versus Brayden Point in Washington Capitals zone.
19:46 of 1st period - Wrist shot by Valeri Nichushkin.
19:46 of 1st period - Shot Misses the Net.
19:48 of 1st period - Wrist shot by Valeri Nichushkin.
19:48 of 1st period - Stopped by Jake Oettinger without a rebound.
19:49 of 1st period - William Karlsson wins face-off versus Brayden Point in Washington Capitals zone.
19:50 of 1st period - Wrist shot by Valeri Nichushkin.
19:50 of 1st period - Stopped by Jake Oettinger without a rebound.
19:51 of 1st period - Brayden Point wins face-off versus William Karlsson in Washington Capitals zone.
Goals for this period are 0 for San Jose Sharks vs 1 for Washington Capitals.
Shots for this period are 15 for San Jose Sharks vs 13 for Washington Capitals.
2nd period
0:01 of 2nd period - Brayden Point wins face-off versus Christian Dvorak in neutral zone.
0:12 of 2nd period - Slapshot by Ivan Barbashev.
0:12 of 2nd period - Deflect By Brayden Point.
0:12 of 2nd period - Stopped by Jake Oettinger without a rebound.
0:13 of 2nd period - William Karlsson wins face-off versus Drake Batherson in Washington Capitals zone.
0:20 of 2nd period - Wrist shot by Valeri Nichushkin.
0:20 of 2nd period - Shot Misses the Net.
0:22 of 2nd period - Backhand shot by Rickard Rakell.
0:22 of 2nd period - Shot Blocked by Dylan DeMelo.
0:24 of 2nd period - Snap shot by Rickard Rakell.
0:24 of 2nd period - Shot Misses the Net.
0:40 of 2nd period - Christopher Tanev is hit by Alex Ovechkin and loses puck.
0:46 of 2nd period - Icing by Kailer Yamamoto.
0:47 of 2nd period - Adam Henrique wins face-off versus Brayden Point in San Jose Sharks zone.
1:44 of 2nd period - Snap shot by Jason Robertson.
1:44 of 2nd period - Stopped by Ilya Samsonov without a rebound.
1:45 of 2nd period - Nico Hischier wins face-off versus Christian Dvorak in San Jose Sharks zone.
1:46 of 2nd period - Slapshot by Brad Marchand.
1:46 of 2nd period - Shot Misses the Net.
1:56 of 2nd period - Slapshot by Christian Dvorak.
1:56 of 2nd period - Stopped by Jake Oettinger without a rebound.
1:57 of 2nd period - Christian Dvorak wins face-off versus Nico Hischier in Washington Capitals zone.
2:03 of 2nd period - Icing by Brad Marchand.
2:04 of 2nd period - Nico Hischier wins face-off versus Christian Dvorak in Washington Capitals zone.
2:33 of 2nd period - Snap shot by Nico Hischier.
2:33 of 2nd period - Deflect By Brad Marchand.
2:33 of 2nd period - Goal by Brad Marchand - San Jose Sharks : 0 - Washington Capitals : 2.
2:34 of 2nd period - William Karlsson wins face-off versus Michael Mcleod in neutral zone.
2:43 of 2nd period - Wrist shot by Valeri Nichushkin.
2:43 of 2nd period - Stopped by Jake Oettinger with a rebound.
2:45 of 2nd period - Slapshot by Joel Edmundson.
2:45 of 2nd period - Stopped by Jake Oettinger with a rebound.
2:47 of 2nd period - Slapshot by Derek Forbort.
2:47 of 2nd period - Shot Misses the Net.
2:49 of 2nd period - Wrist shot by Valeri Nichushkin.
2:49 of 2nd period - Stopped by Jake Oettinger without a rebound.
2:50 of 2nd period - Brayden Point wins face-off versus Christian Dvorak in Washington Capitals zone.
3:03 of 2nd period - Slapshot by Jason Robertson.
3:03 of 2nd period - Stopped by Ilya Samsonov without a rebound.
3:04 of 2nd period - Brayden Point wins face-off versus William Karlsson in San Jose Sharks zone.
3:19 of 2nd period - Wrist shot by Rickard Rakell.
3:19 of 2nd period - Shot Misses the Net.
3:21 of 2nd period - Slapshot by Derek Forbort.
3:21 of 2nd period - Stopped by Jake Oettinger with a rebound.
3:46 of 2nd period - Wrist shot by Alex Ovechkin.
3:46 of 2nd period - Shot Misses the Net.
3:58 of 2nd period - Christian Dvorak is hit by Drake Batherson and loses puck.
4:09 of 2nd period - Wrist shot by Drake Batherson.
4:09 of 2nd period - Shot Blocked by Zachary Werenski.
4:41 of 2nd period - William Karlsson is hit by Nick Foligno and loses puck.
6:19 of 2nd period - Wrist shot by Brad Marchand.
6:19 of 2nd period - Stopped by Ilya Samsonov with a rebound.
6:21 of 2nd period - Slapshot by Dylan DeMelo.
6:21 of 2nd period - Deflect By Brad Marchand.
6:21 of 2nd period - Stopped by Ilya Samsonov without a rebound.
6:22 of 2nd period - Christian Dvorak wins face-off versus Nico Hischier in San Jose Sharks zone.
6:56 of 2nd period - Slapshot by Brayden Point.
6:56 of 2nd period - Shot Hit the Post.
7:02 of 2nd period - Snap shot by Jason Robertson.
7:02 of 2nd period - Shot Blocked by Zachary Werenski.
7:04 of 2nd period - Backhand shot by Erik Johnson.
7:04 of 2nd period - Shot Blocked by William Karlsson.
7:43 of 2nd period - Wrist shot by Dominik Kubalik.
7:43 of 2nd period - Stopped by Ilya Samsonov with a rebound.
7:45 of 2nd period - Slapshot by Nick Jensen.
7:45 of 2nd period - Stopped by Ilya Samsonov without a rebound.
7:46 of 2nd period - Brayden Point wins face-off versus William Karlsson in San Jose Sharks zone.
8:04 of 2nd period - Minor Penalty to David Savard for Close Hand On Puck.
8:05 of 2nd period - Dylan Strome wins face-off versus Michael Mcleod in Washington Capitals zone.
8:25 of 2nd period - Michael Mcleod is hit by Christopher Tanev.
10:04 of 2nd period - Penalty to David Savard is over, David Savard is back on ice.
10:34 of 2nd period - Slapshot by Adam Henrique.
10:34 of 2nd period - Stopped by Jake Oettinger without a rebound.
10:35 of 2nd period - Adam Henrique wins face-off versus Jordan Kyrou in Washington Capitals zone.
11:00 of 2nd period - Zachary Werenski is hit by Jason Robertson and loses puck.
11:21 of 2nd period - Valeri Nichushkin is hit by Brad Marchand and loses puck.
11:42 of 2nd period - Slapshot by Ivan Barbashev.
11:42 of 2nd period - Stopped by Jake Oettinger with a rebound.
11:55 of 2nd period - Icing by Christian Dvorak.
11:56 of 2nd period - Adam Henrique wins face-off versus Michael Mcleod in San Jose Sharks zone.
12:05 of 2nd period - Snap shot by Adam Henrique.
12:05 of 2nd period - Stopped by Jake Oettinger with a rebound.
12:07 of 2nd period - Snap shot by Andreas Athanasiou.
12:07 of 2nd period - Stopped by Jake Oettinger with a rebound.
12:53 of 2nd period - Slapshot by Alex Ovechkin.
12:53 of 2nd period - Shot Misses the Net.
13:32 of 2nd period - Snap shot by Michael Mcleod.
13:32 of 2nd period - Stopped by Ilya Samsonov without a rebound.
13:33 of 2nd period - Brayden Point wins face-off versus Adam Henrique in San Jose Sharks zone.
14:00 of 2nd period - Nico Hischier is hit by Derek Forbort.
14:10 of 2nd period - Wrist shot by Drake Batherson.
14:10 of 2nd period - Stopped by Ilya Samsonov without a rebound.
14:11 of 2nd period - Brayden Point wins face-off versus Christian Dvorak in San Jose Sharks zone.
14:34 of 2nd period - Minor Penalty to Ivan Barbashev for Roughing.
14:35 of 2nd period - Brayden Point wins face-off versus Adam Henrique in San Jose Sharks zone.
14:45 of 2nd period - Wrist shot by Brayden Point.
14:45 of 2nd period - Stopped by Ilya Samsonov without a rebound.
14:46 of 2nd period - Brayden Point wins face-off versus Adam Henrique in San Jose Sharks zone.
14:57 of 2nd period - Valeri Nichushkin is hit by Alex Ovechkin and loses puck.
16:34 of 2nd period - Penalty to Ivan Barbashev is over, Ivan Barbashev is back on ice.
18:16 of 2nd period - Erik Johnson is hit by Victor Olofsson.
18:20 of 2nd period - Simon Benoit is hit by David Savard and loses puck.
19:10 of 2nd period - Snap shot by Valeri Nichushkin.
19:10 of 2nd period - Shot Misses the Net.
19:20 of 2nd period - Brad Marchand is hit by Ilya Mikheyev and loses puck.
Goals for this period are 0 for San Jose Sharks vs 1 for Washington Capitals.
Shots for this period are 10 for San Jose Sharks vs 10 for Washington Capitals.
3rd period
0:01 of 3rd period - William Karlsson wins face-off versus Jason Robertson in neutral zone.
0:06 of 3rd period - Wrist shot by Valeri Nichushkin.
0:06 of 3rd period - Shot Misses the Net.
2:19 of 3rd period - John Carlson is hit by Andreas Athanasiou and loses puck.
2:34 of 3rd period - Backhand shot by Jordan Kyrou.
2:34 of 3rd period - Stopped by Ilya Samsonov with a rebound.
2:56 of 3rd period - Snap shot by William Karlsson.
2:56 of 3rd period - Deflect By Owen Tippett.
2:56 of 3rd period - Stopped by Jake Oettinger without a rebound.
2:57 of 3rd period - Brayden Point wins face-off versus Christian Dvorak in Washington Capitals zone.
3:04 of 3rd period - Snap shot by Brayden Point.
3:04 of 3rd period - Stopped by Ilya Samsonov with a rebound.
3:48 of 3rd period - Zachary Werenski is hit by Nico Hischier and loses puck.
5:05 of 3rd period - Icing by William Karlsson.
5:06 of 3rd period - Nico Hischier wins face-off versus William Karlsson in San Jose Sharks zone.
5:21 of 3rd period - Snap shot by Drake Batherson.
5:21 of 3rd period - Goal by Drake Batherson - San Jose Sharks : 0 - Washington Capitals : 3.
5:22 of 3rd period - William Karlsson wins face-off versus Brayden Point in neutral zone.
5:24 of 3rd period - Minor Penalty to Joel Edmundson for Roughing.
5:25 of 3rd period - Brayden Point wins face-off versus Adam Henrique in San Jose Sharks zone.
5:58 of 3rd period - Off-side.
5:59 of 3rd period - Valeri Nichushkin wins face-off versus Brayden Point in neutral zone.
7:24 of 3rd period - Penalty to Joel Edmundson is over, Joel Edmundson is back on ice.
8:03 of 3rd period - Dmitry Orlov is hit by Michael Mcleod and loses puck.
8:14 of 3rd period - Nico Hischier is hit by Ivan Barbashev and loses puck.
8:23 of 3rd period - Snap shot by Ivan Barbashev.
8:23 of 3rd period - Shot Misses the Net.
8:25 of 3rd period - Slapshot by Dmitry Orlov.
8:25 of 3rd period - Deflect By Drake Batherson.
8:25 of 3rd period - Stopped by Jake Oettinger with a rebound.
8:35 of 3rd period - Simon Benoit is hit by Nick Foligno and loses puck.
8:40 of 3rd period - Snap shot by Dominik Kubalik.
8:40 of 3rd period - Deflect By Isac Lundestrom.
8:40 of 3rd period - Shot Blocked by Derek Forbort.
8:40 of 3rd period - Puck is out of play.
8:41 of 3rd period - Ilya Mikheyev wins face-off versus Brayden Point in San Jose Sharks zone.
8:54 of 3rd period - Snap shot by Jason Robertson.
8:54 of 3rd period - Shot Misses the Net.
8:56 of 3rd period - Slapshot by Dylan DeMelo.
8:56 of 3rd period - Stopped by Ilya Samsonov with a rebound.
8:58 of 3rd period - Wrist shot by Alex Ovechkin.
8:58 of 3rd period - Shot Misses the Net.
9:08 of 3rd period - Wrist shot by Drake Batherson.
9:08 of 3rd period - Shot Misses the Net.
9:10 of 3rd period - Slapshot by Dylan DeMelo.
9:10 of 3rd period - Shot Misses the Net.
9:12 of 3rd period - Snap shot by Nico Hischier.
9:12 of 3rd period - Stopped by Ilya Samsonov without a rebound.
9:13 of 3rd period - Nico Hischier wins face-off versus Christian Dvorak in San Jose Sharks zone.
9:28 of 3rd period - Wrist shot by Brad Marchand.
9:28 of 3rd period - Shot Misses the Net.
9:39 of 3rd period - Nico Hischier is hit by Christian Dvorak and loses puck.
9:57 of 3rd period - Brad Marchand is hit by Dylan Strome and loses puck.
10:22 of 3rd period - Wrist shot by Ivan Barbashev.
10:22 of 3rd period - Shot Misses the Net.
10:47 of 3rd period - Slapshot by Nico Hischier.
10:47 of 3rd period - Shot Blocked by Ivan Barbashev.
10:49 of 3rd period - Snap shot by Dylan DeMelo.
10:49 of 3rd period - Deflect By Brad Marchand.
10:49 of 3rd period - Shot Misses the Net.
10:49 of 3rd period - Puck is out of play.
10:50 of 3rd period - Brayden Point wins face-off versus William Karlsson in San Jose Sharks zone.
10:57 of 3rd period - Off-side.
10:58 of 3rd period - Brayden Point wins face-off versus William Karlsson in neutral zone.
11:01 of 3rd period - Derek Forbort is hit by Brayden Point and loses puck.
11:18 of 3rd period - Wrist shot by Jason Robertson.
11:18 of 3rd period - Shot Misses the Net.
12:04 of 3rd period - Slapshot by Brayden Point.
12:04 of 3rd period - Stopped by Ilya Samsonov without a rebound.
12:05 of 3rd period - Michael Mcleod wins face-off versus Adam Henrique in San Jose Sharks zone.
12:30 of 3rd period - Ryan Hartman is hit by Dominik Kubalik and loses puck.
12:35 of 3rd period - Slapshot by Dominik Kubalik.
12:35 of 3rd period - Deflect By Victor Olofsson.
12:35 of 3rd period - Goal by Dominik Kubalik - San Jose Sharks : 0 - Washington Capitals : 4.
12:36 of 3rd period - Adam Henrique wins face-off versus Nico Hischier in neutral zone.
13:03 of 3rd period - William Karlsson is hit by David Savard and loses puck.
13:29 of 3rd period - Wrist shot by Owen Tippett.
13:29 of 3rd period - Shot Misses the Net.
13:31 of 3rd period - Backhand shot by David Savard.
13:31 of 3rd period - Stopped by Ilya Samsonov without a rebound.
13:32 of 3rd period - Adam Henrique wins face-off versus Nico Hischier in San Jose Sharks zone.
13:41 of 3rd period - Brad Marchand is hit by Adam Henrique and loses puck.
13:46 of 3rd period - Snap shot by Andreas Athanasiou.
13:46 of 3rd period - Shot Blocked by Ian Cole.
13:48 of 3rd period - Slapshot by Dmitry Orlov.
13:48 of 3rd period - Goal by Dmitry Orlov - San Jose Sharks : 1 - Washington Capitals : 4.
13:49 of 3rd period - Brayden Point wins face-off versus William Karlsson in neutral zone.
14:04 of 3rd period - Slapshot by Alex Ovechkin.
14:04 of 3rd period - Shot Blocked by Dmitry Orlov.
14:06 of 3rd period - Slapshot by Nick Jensen.
14:06 of 3rd period - Deflect By Alex Ovechkin.
14:06 of 3rd period - Shot Misses the Net.
14:06 of 3rd period - Puck is out of play.
14:07 of 3rd period - Nico Hischier wins face-off versus Adam Henrique in San Jose Sharks zone.
14:23 of 3rd period - Minor Penalty to Simon Benoit for Tripping.
14:24 of 3rd period - Adam Henrique wins face-off versus Brayden Point in San Jose Sharks zone.
14:28 of 3rd period - Minor Penalty to David Savard for Cross-checking.
14:29 of 3rd period - Brayden Point wins face-off versus Valeri Nichushkin in Washington Capitals zone.
14:34 of 3rd period - Wrist shot by Brayden Point.
14:34 of 3rd period - Stopped by Ilya Samsonov with a rebound.
15:30 of 3rd period - Nick Jensen is hit by Christopher Tanev and loses puck.
16:23 of 3rd period - Penalty to Simon Benoit is over, Simon Benoit is back on ice.
16:28 of 3rd period - Penalty to David Savard is over, David Savard is back on ice.
16:32 of 3rd period - Snap shot by Valeri Nichushkin.
16:32 of 3rd period - Shot Misses the Net.
16:34 of 3rd period - Snap shot by Simon Benoit.
16:34 of 3rd period - Shot Misses the Net.
16:36 of 3rd period - Wrist shot by Rickard Rakell.
16:36 of 3rd period - Shot Misses the Net.
16:44 of 3rd period - Slapshot by Valeri Nichushkin.
16:44 of 3rd period - Stopped by Jake Oettinger without a rebound.
16:45 of 3rd period - Christian Dvorak wins face-off versus Isac Lundestrom in Washington Capitals zone.
16:46 of 3rd period - Snap shot by Dylan Strome.
16:46 of 3rd period - Shot Misses the Net.
17:10 of 3rd period - Derek Forbort is hit by John Carlson and loses puck.
18:14 of 3rd period - Slapshot by Dylan Strome.
18:14 of 3rd period - Shot Hit the Post.
18:45 of 3rd period - Backhand shot by Alex Ovechkin.
18:45 of 3rd period - Stopped by Ilya Samsonov with a rebound.
18:47 of 3rd period - Slapshot by Erik Johnson.
18:47 of 3rd period - Shot Misses the Net.
18:49 of 3rd period - Wrist shot by Brayden Point.
18:49 of 3rd period - Shot Misses the Net.
18:57 of 3rd period - Wrist shot by Alex Ovechkin.
18:57 of 3rd period - Stopped by Ilya Samsonov with a rebound.
18:59 of 3rd period - Slapshot by Ian Cole.
18:59 of 3rd period - Shot Misses the Net.
19:01 of 3rd period - Snap shot by Jason Robertson.
19:01 of 3rd period - Stopped by Ilya Samsonov without a rebound.
19:02 of 3rd period - William Karlsson wins face-off versus Nico Hischier in San Jose Sharks zone.
19:29 of 3rd period - Jordan Kyrou is hit by Simon Benoit and loses puck.
19:38 of 3rd period - Snap shot by Andreas Athanasiou.
19:38 of 3rd period - Stopped by Jake Oettinger without a rebound.
19:39 of 3rd period - Adam Henrique wins face-off versus Nico Hischier in Washington Capitals zone.
19:40 of 3rd period - Wrist shot by Kailer Yamamoto.
19:40 of 3rd period - Shot Blocked by Brad Marchand.
19:42 of 3rd period - Wrist shot by Adam Henrique.
19:42 of 3rd period - Stopped by Jake Oettinger with a rebound.
19:48 of 3rd period - Slapshot by Kailer Yamamoto.
19:48 of 3rd period - Shot Misses the Net.
19:50 of 3rd period - Snap shot by Kailer Yamamoto.
19:50 of 3rd period - Shot Blocked by David Savard.
19:54 of 3rd period - Slapshot by Adam Henrique.
19:54 of 3rd period - Shot Blocked by Drake Batherson.
Goals for this period are 1 for San Jose Sharks vs 2 for Washington Capitals.
Shots for this period are 6 for San Jose Sharks vs 12 for Washington Capitals.
Back to the Top